 Dungeon Crawl Stone Soup version 0.31-a0-221-gbddc013574 (webtiles) character file.

Game seed: 8005858821021794267

107 qw the Shooter (level 4, -8/26 HPs)
             Began as a Gargoyle Hexslinger on July 4, 2023.
             Mangled by a gnoll
             ... wielding a +0 flail
              (11 damage)
             ... on level 2 of the Dungeon.
             The game lasted 00:00:37 (1269 turns).

qw the Shooter (Gargoyle Hexslinger)                Turns: 1269, Time: 00:00:37

Health: -8/26      AC:  5    Str: 12    XL:     4   Next: 85%
Magic:  5/5        EV: 12    Int: 13    God:
Gold:   99         SH:  0    Dex: 14    Spells: 4/5 levels left

rFire   . . .        Y - +1 sling
rCold   . . .        (no shield)
rNeg    + . .        c - +0 robe
rPois   inf          (no helmet)
rElec   +            (no cloak)
rCorr   .            (no gloves)
SInv    .            (no boots)
Will    .....        (no amulet)
Stlth   +            (no ring)
HPRegen 0.24/turn    (no ring)
MPRegen 0.09/turn

%: no passive effects
@: no status effects
A: sickness immunity, AC +3, negative energy resistance 1, electricity
resistance, torment resistance 1, petrification resistance
a: no special abilities


You were on level 2 of the Dungeon.
You visited 1 branch of the dungeon, and saw 2 of its levels.

You collected 99 gold pieces.


Innate Abilities, Weirdness & Mutations

You are immune to sickness and miasma.
Your stone body is resilient. (AC +3)
You are immune to poison.
You resist negative energy. (rN+)
You are resistant to electric shocks. (rElec)
You are resistant to unholy torment.
You are immune to petrification.


   Skills:
 - Level 2.0 Fighting
 + Level 4.5 Ranged Weapons
 - Level 1.5 Dodging
 - Level 1.0 Spellcasting
 - Level 2.6 Hexes


You had 4 spell levels left.
You knew the following spells:

 Your Spells              Type           Power      Damage    Failure   Level
a - Slow                  Hex            28%        N/A       10%         1

Your spell library contained the following spells:

 Spells                   Type           Power      Damage    Failure   Level
 Inner Flame              Hex/Fire       4%         N/A       43%         3
 Portal Projectile        Hex/Tloc       8%         N/A       43%         3
 Cause Fear               Hex            3%         N/A       67%         4

Inventory:

Hand Weapons
 Y - a +1 sling (weapon)
Armour
 b - a +0 pair of boots
 c - a +0 robe (worn)
Jewellery
 e - a ring of magical power
Scrolls
 a - 2 scrolls of identify
 f - a scroll of noise {unknown}
 g - a scroll of blinking {unknown}
Potions
 d - 2 potions of attraction {unknown}

Dungeon Overview and Level Annotations

Branches:
Dungeon (2/15)

Altars:

Shops:
D:1 *


Message History

The gnoll is moderately wounded.
You shoot a sling bullet. The sling bullet hits the gnoll.
The gnoll is severely wounded.
A gnoll comes into view. It is wielding a +0 club.
You shoot a sling bullet.
The sling bullet closely misses the gnoll.
You shoot a sling bullet.
The sling bullet barely misses the gnoll.
The gnoll barely misses you. The gnoll hits you with a +0 club.
You shoot a sling bullet.
The sling bullet closely misses the gnoll.
The gnoll hits you with a +0 club. The gnoll hits you but does no damage.
You shoot a sling bullet.
The sling bullet closely misses the gnoll.
The gnoll hits you with a +0 club. The gnoll barely misses you.
You shoot a sling bullet. The sling bullet hits the gnoll.
You kill the gnoll!
The gnoll hits you with a +0 flail.
You shoot a sling bullet.
The sling bullet completely misses the gnoll.
The gnoll hits you but does no damage. The gnoll closely misses you.
You shoot a sling bullet. The sling bullet hits the gnoll!
The gnoll is heavily wounded.
The gnoll hits you with a +0 club. The gnoll barely misses you.
You shoot a sling bullet. The sling bullet hits the gnoll.
The gnoll is severely wounded.
The gnoll closely misses you. The gnoll barely misses you.
A rat comes into view.
The gnoll hits you with a +0 club. The gnoll hits you with a +0 flail.
You shoot a sling bullet.
The sling bullet hits the gnoll but does no damage.
The gnoll is severely wounded.
The gnoll hits you with a +0 flail. The gnoll hits you but does no damage.
You shoot a sling bullet. The sling bullet hits the gnoll.
The gnoll is severely wounded.
The gnoll closely misses you. x2
You shoot a sling bullet.
The sling bullet closely misses the gnoll.
The gnoll closely misses you. The gnoll hits you with a +0 flail!
You die...

## # #. .
#.###.###
#.#..... #
#.#.#.##.#
#.#....r..
#..g..#
#@g.#### ##
#......# #...
#...##.# ....
###.##.##..####
#..(.........
####.##.....#
#.# ....# #.#
....# #.# ....#


You could see 2 gnolls and a rat.

Vanquished Creatures
  2 adders
  4 gnolls (D:2)
  A worm (D:2)
  A dart slug (D:1)
  3 ball pythons (D:1)
  5 bats
  4 endoplasms
  A giant cockroach (D:1)
  6 goblins (D:1)
  4 hobgoblins
  4 jackals (D:2)
  A quokka (D:1)
  A frilled lizard (D:1)
  3 kobolds
  4 rats (D:1)
44 creatures vanquished.

Notes
Turn   | Place    | Note
-------+----------+-------------------------------------------
     0 | D:1      | qw the Gargoyle Hexslinger began the quest for the Orb.
     0 | D:1      | Reached XP level 1. HP: 12/12 MP: 2/2
     0 | D:1      | 0 ||| qw: Version: 0.3-a-41-g9d075ac
     0 | D:1      | 0 ||| qw: Game counter: 696
     0 | D:1      | 0 ||| qw: Melee chars always use a shield: true
     0 | D:1      | 0 ||| qw: God list: Okawaru
     0 | D:1      | 0 ||| qw: Allow faded altars: false
     0 | D:1      | 0 ||| qw: Do Orc after clearing Dungeon:15 true
     0 | D:1      | 0 ||| qw: Do second Lair branch before Depths: true
     0 | D:1      | 0 ||| qw: Lair rune preference: random
     0 | D:1      | 0 ||| qw: Goals: Normal
     0 | D:1      | 0 ||| PLANNING D:1-11
    50 | D:1      | 50 ||| FLEEEEING.
    51 | D:1      | 51 ||| FLEEEEING.
    52 | D:1      | 52 ||| FLEEEEING.
    53 | D:1      | 53 ||| FLEEEEING.
    54 | D:1      | 54 ||| FLEEEEING.
    55 | D:1      | 55 ||| FLEEEEING.
   134 | D:1      | Found Awe Nom's Assorted Antiques.
   152 | D:1      | 152 ||| SHOPLISTING dented cabochon amulet (95 gold, have
                  | 14).
   152 | D:1      | 152 ||| SHOPLISTING pair of gloves (85 gold, have 14).
   152 | D:1      | 152 ||| SHOPLISTING sapphire potion (17 gold, have 14).
   152 | D:1      | 152 ||| SHOPLISTING scroll labelled BAUDDA FUOD (19 gold,
                  | have 14).
   152 | D:1      | 152 ||| SHOPLISTING scroll labelled KIUMEBEPESK (19 gold,
                  | have 14).
   152 | D:1      | 152 ||| SHOPLISTING scroll labelled OHOARO VACLUXE (19
                  | gold, have 14).
   160 | D:1      | Reached XP level 2. HP: 16/16 MP: 3/3
   367 | D:1      | Reached skill level 3 in Ranged Weapons
   466 | D:1      | Reached XP level 3. HP: 21/21 MP: 4/4
   808 | D:1      | 808 ||| READING 3 scrolls labelled FAASIDONGU.
   809 | D:1      | 809 ||| READING 2 scrolls labelled KEDDYMUR PYSIU.
   812 | D:1      | 812 ||| READING scroll labelled QICAUL RUS.
   813 | D:1      | 813 ||| DROPPING scroll of poison.
   826 | D:2      | 826 ||| STAIRDANCE
   889 | D:2      | 889 ||| Stepping ~*~*~tactically~*~*~ (outnumbered).
   898 | D:2      | HP: 5/21 [gnoll/+0 halberd (4)]
   899 | D:2      | 899 ||| READING scroll of teleportation.
   982 | D:2      | Reached skill level 4 in Ranged Weapons
   982 | D:2      | Reached XP level 4. HP: 26/26 MP: 5/5
  1266 | D:2      | HP: 5/26 [gnoll/+0 flail (6)]
  1267 | D:2      | HP: 2/26 [gnoll/+0 flail (3)]
  1269 | D:2      | Mangled by a gnoll

Levels and vault maps discovered:
D:1:      minmay_arrival_split_and_join, layout_loops_ring, serial_shops, shop,
          minmay_misc_feat_more_columns, st_stairs_9, minmay_misc_feat_columns,
          minmay_vboxes
D:2:      layout_loops_cross, small_statue_intersection, minmay_pentomino_t4

Skill      XL: |  1  2  3 |
---------------+----------+-----
Ranged Weapons | 3 4 |  4.5
Fighting       | 2 |  2.0
Dodging        | |  1.5
Spellcasting   | |  1.0
Hexes          | |  2.6

Action                     |  1- 3 |  4- 6 || total
---------------------------+-------+-------++-------
   Fire: Sling             |   121 |    53 ||   174
    Use: Scroll            |     4 |       ||     4
 Armour: Robe              |    24 |    24 ||    48
  Dodge: Dodged            |    53 |    42 ||    95

Table legend:
 A = Non-vault XP
 B = Vault XP
 C = Vault XP percentage of total XP
 D = Non-vault monster count
 E = Vault monster count
 F = Vault count percentage of total count
                 A         B        C        D         E       F
            +---------+---------+-------+---------+---------+-------
      Total |     105 |      48 |  31.4 |      32 |      12 |  27.3
            +---------+---------+-------+---------+---------+-------
        D:1 |      41 |      16 |  28.1 |      18 |       8 |  30.8
        D:2 |      64 |      32 |  33.3 |      14 |       4 |  22.2
            +---------+---------+-------+---------+---------+-------
